 Dungeon Crawl Stone Soup version 0.20.0-15-g7f486f2 (webtiles) character file.

20 kuniqs the Skirmisher (level 2, 24/27 HPs)
             Began as a Minotaur Fighter on June 9, 2017.
             Quit the game on level 1 of the Dungeon.
             The game lasted 00:00:42 (466 turns).

kuniqs the Skirmisher (Minotaur Fighter)             Turns: 466, Time: 00:00:42

Health: 24/27      AC:  7    Str: 20    XL:     2   Next: 58%
Magic:  1/1        EV:  7    Int:  5    God:
Gold:   70         SH:  9    Dex:  9    Spells: 1/1 levels left

rFire    . . .     SeeInvis .   a - +0 flail
rCold    . . .     Gourm    .   c - +0 shield
rNeg     . . .     Faith    .   b - +0 scale mail
rPois    .         Spirit   .   (helmet restricted)
rElec    .         Reflect  .   (no cloak)
rCorr    .         Harm     .   (no gloves)
MR       .....                  (no boots)
Stlth    ..........             i - amulet of inaccuracy (curse)
Regen    0.1/turn               (no ring)
MPRegen  0.1/turn               (no ring)

@: no status effects
A: retaliatory headbutt, hooves 1, horns 2, mutation resistance 1
a: no special abilities


You were on level 1 of the Dungeon.
You were not hungry.

You visited 1 branch of the dungeon, and saw 1 of its levels.

You collected 70 gold pieces.

Inventory:

Hand Weapons
 a - a +0 flail (weapon)
Armour
 b - a +0 scale mail (worn)
 c - a +0 shield (worn)
Jewellery
 i - a cursed amulet of inaccuracy (around neck)
Potions
 e - a potion of invisibility {unknown}
 f - a potion of might
 g - a potion of agility {unknown}
Comestibles
 d - 2 bread rations
 h - 2 royal jellies


   Skills:
 + Level 4.0 Fighting
 + Level 2.8 Maces & Flails
 + Level 3.8 Armour
 + Level 0.7 Dodging
 + Level 3.9 Shields


You had one spell level left.
You didn't know any spells.

Dungeon Overview and Level Annotations

Branches:
Dungeon (1/15)

Altars:


Innate Abilities, Weirdness & Mutations

You reflexively headbutt those who attack you in melee.
You have a pair of horns on your head.
You have large cloven feet.
You are somewhat resistant to further mutation.


Message History

The frilled lizard bites you.
You see here a metallic amethyst potion.
Your shield and scale mail prevent you from hitting the frilled lizard.
Your headbutt misses the frilled lizard.
You block the frilled lizard's attack.
You miss the frilled lizard. Your kick misses the frilled lizard.
Your headbutt misses the frilled lizard.
You block the frilled lizard's attack.
The frilled lizard bites you but does no damage.
You barely miss the frilled lizard. Your kick misses the frilled lizard.
Your headbutt misses the frilled lizard.
You block the frilled lizard's attack.
You closely miss the frilled lizard.
Your headbutt misses the frilled lizard.
You block the frilled lizard's attack.
The frilled lizard bites you but does no damage.
You miss the frilled lizard.
Your headbutt misses the frilled lizard.
The frilled lizard bites you.
Are you sure you want to abandon this character and quit the game? (Confirm with "yes".)

.......# #..^..##########.
#......# +.....##########.
.......##########................
#......................#########>
#......#########.......# #.
#......# #.#+###.# #. #..#..##
#.#+###.# #. #).#...# #.....#.#
#. [).#...# #@....#.. #. ...#...#
#l....### ###> .#.#...# #.....#
#... .#.#..## #.#+### #.##
.#.#..# #.. #.#. .+.#..# ### #.#.
.###..# #.#.
......################ #.#.
#####................# #.#.


You could see a frilled lizard.

Vanquished Creatures
  An ooze (D:1)
  A dart slug (D:1)
  2 giant cockroaches (D:1)
  2 goblins (D:1)
  2 hobgoblins (D:1)
  3 kobolds (D:1)
  A rat (D:1)
12 creatures vanquished.

Notes
Turn   | Place    | Note
-------+----------+-------------------------------------------
     0 | D:1      | kuniqs the Minotaur Fighter began the quest for the Orb.
     0 | D:1      | Reached XP level 1. HP: 19/19 MP: 0/0
    83 | D:1      | Reached XP level 2. HP: 20/27 MP: 1/1
   240 | D:1      | Gained mutation: You are somewhat resistant to further mutation. [potion of mutation]
   240 | D:1      | Gained mutation: You are surrounded by a mild repulsion field. (EV +2) [potion of mutation]
   241 | D:1      | Lost mutation: You are surrounded by a mild repulsion field. (EV +2) [potion of mutation]
   241 | D:1      | Gained mutation: You have large cloven feet. [potion of mutation]
   337 | D:1      | Reached skill level 4 in Fighting
   466 | D:1      | Quit the game

Skill      XL: |  1  2 |
---------------+-------+-----
Fighting       | 4 |  4.0
Maces & Flails | |  2.8
Armour         | |  3.8
Dodging        | |  0.7
Shields        | |  3.9

Action                   || total
-------------------------++-------
Melee: Flail             ||    44
       Headbutt          ||     6
       Kick              ||     2
  Use: Potion            ||     2
       Scroll            ||     1
Armor: Scale mail        ||    20
Dodge: Dodged            ||     7
Block: Shield            ||    20
